 Dungeon Crawl Stone Soup version bcrawl-1.15-1-g696c4cd9b6 (webtiles) character file.

Game seed: 10366894000790062387

5275 Chiseanne the Transmogrifier (level 10, 0/74 HPs)
             Began as a Mummy Archaeologist on Sept 23, 2019.
             Was an Initiate of Gozag.
             Slain by a hippogriff (2 damage)
             ... on level 8 of the Dungeon.
             The game lasted 00:17:11 (8541 turns).

Chiseanne the Transmogrifier (Mummy Archaeologist)  Turns: 8541, Time: 00:17:12

Health: 0/74       AC: 11    Str: 16    XL:     10   Next: 36%
Magic:  0/3        EV: 14    Int: 14    God:    Gozag
Gold:   909        SH:  0    Dex: 15    Spells: 7/9 levels left

rFire    . . .     SeeInvis .   a - +8 Wrath of Trog {antimagic, *Rage}
rCold    + . .     Gourm    .   (shield currently unavailable)
rNeg     + + +     Faith    .   u - +1 leather armour {rF+}
rPois    ∞         Spirit   +   s - +0 helmet
rElec    .         Reflect  .   w - +0 cloak
rCorr    .         Harm     .   l - +1 pair of gloves {archery}
MR       +....     Clarity  +   d - +1 pair of boots
Stlth    ++........             c - amulet of guardian spirit
HPRegen  0.22/turn              k - +3 ring of dexterity
MPRegen  0.08/turn              (no ring)

@: about to teleport
A: no food or potions, fire vulnerability, clarity, cold resistance 1, negative
energy resistance 3, torment resistance, unbreathing
a: Potion Petition, Call Merchant, Bribe Branch, Renounce Religion


You were on level 8 of the Dungeon.
You worshipped Gozag.
Gozag was pleased with you.
You were not hungry.

You visited 2 branches of the dungeon, and saw 9 of its levels.

You collected 1050 gold pieces.
You paid 141 gold pieces to Gozag.

Inventory:

Hand Weapons
 a - the +8 Wrath of Trog (weapon) {antimagic, *Rage}

   It reduces the magical energy of the wielder, and disrupts the spells and
   magical abilities of those hit.
   Natural abilities and divine invocations are not affected.
   It may make you go berserk in combat.
 o - a +2 quarterstaff of chaos
 r - a +0 scythe of protection
Missiles
 b - 1883 stones (quivered)
 e - 1155 arrows
 n - 197 sling bullets
 p - 332 poisoned needles
 q - 162 bolts
Armour
 d - a +1 pair of boots (worn)
 l - a +1 pair of gloves of archery (worn)
 s - a +0 helmet (worn)
 u - a +1 leather armour of fire resistance (worn)
 w - a +0 cloak (worn)
 y - the cursed +1 scale mail of Agoraphobia {+Inv MP+9}
   (You found it on level 6 of the Dungeon)

   It affects your magic capacity (+9).
   It lets you turn invisible.
   It has a curse placed upon it.
Jewellery
 c - an amulet of guardian spirit (around neck)
 k - a +3 ring of dexterity (left hand)
Wands
 t - a wand of polymorph (14)
 x - a wand of flame (10)
Scrolls
 g - 6 scrolls of identify
 h - a scroll of teleportation
 i - a scroll of blinking
 j - 3 scrolls of remove curse
 v - 2 scrolls of magic mapping


   Skills:
 * Level 5.4 Fighting
 * Level 7.1 Axes
   Level 0.7(4.4) Maces & Flails
 - Level 1.1 Throwing
 * Level 3.8 Armour
 * Level 5.1 Dodging
 - Level 2.6 Stealth
 - Level 11.9 Transmutations


You had 7 spell levels left.
You knew the following spells:

 Your Spells              Type           Power        Failure   Level  Hunger
a - Passwall              Tmut/Erth      ###.....     4%          2    N/A

Your spell library contained the following spells:

 Spells                   Type           Power        Failure   Level  Hunger
 Petrify                  Tmut/Erth      ###.....     30%         4    N/A
 Corona                   Hex            #......      34%         1    N/A
 Sandblast                Erth           #.....       34%         1    N/A
 Ensorcelled Hibernation  Hex/Ice        #.....       45%         2    N/A
 Confuse                  Hex            #.......     71%         3    N/A
 Dazzling Spray           Conj/Hex       #.....       71%         3    N/A
 Stone Arrow              Conj/Erth      #.....       71%         3    N/A
 Tukima's Dance           Hex            #.......     71%         3    N/A
 Lee's Rapid Deconstruct  Erth           #.........   100%        5    N/A

Dungeon Overview and Level Annotations

Branches:
Dungeon (8/12)             Temple (1/1) D:5            Lair (0/6) D:8
    Orc: D:8-11

Altars:
Ashenzari
Dithmenos
Elyvilon
Fedhas
Gozag
Hepliaklqana
Kikubaaqudgha
Lugonu
Makhleb
Nemelex Xobeh
Okawaru
Ru
Sif Muna
Trog
Uskayaw
Vehumet
Wu Jian
Xom
Yredelemnul

Annotations:
D:4 1 runed translucent door, MisterOstroum's ghost, amateur TrAc


Innate Abilities, Weirdness & Mutations

You do not eat or drink.
Your flesh is vulnerable to fire.
You are immune to poison.
You possess an exceptional clarity of mind.
Your flesh is cold resistant. (rC+)
You are immune to negative energy. (rN+++)
You are immune to unholy pain and torment.
You can survive without breathing.


Message History

The basilisk bites you! The troll bites you but does no damage.
The troll claws you but does no damage. The troll claws you!
An adder comes into view.
The basilisk bites you! The basilisk bites you!
* * * LOW HITPOINT WARNING * * *
The yak snorts and paws the ground.
As you read the scroll of fear, it crumbles to dust.
You assume a fearsome visage.
The basilisk looks frightened!
The hippogriff easily resists.
The yak looks frightened!
The hippogriff bites you but does no damage.
The hippogriff completely misses you.
The hippogriff claws you but does no damage.
As you read the scroll of teleportation, it crumbles to dust.
You feel strangely unstable. The hippogriff bites you!
* * * LOW HITPOINT WARNING * * *
The hippogriff pecks you but does no damage.
The hippogriff claws you.
You die...
Your body crumbles into a pile of gold.

### ###.##
.....###########
#......!.).....#
##...###.##.##.# ##.##
#.##.##.# #.#
#.##.##.#### #.#
#.##.....@.# ##'##
#.#####.##H# ##...###.#
#.##.###
#.....##.#####.##.T.##
.......#.......##l#l.#
........####...####.$.#
.......<+.......##..Y..#
.......<####...##.......#
.......## ##.###.......#


You could see a hippogriff, a yak (fleeing), a troll and 2 basilisks.

Vanquished Creatures
  A two-headed ogre (D:5)
  Pikel (D:5)
  Sigmund (D:4)
  A wyvern (D:5)
  3 yaks (D:7)
  Eustachio (D:4)
  A hungry ghost (D:7)
  2 steam dragons (D:7)
  Menkaure (D:5)
  Edmund (D:5)
  A water moccasin (D:7)
  2 ice beasts
  2 orc warriors
  2 phantoms
  4 slaves (D:5)
  A black bear (D:6)
  An ogre (D:7)
  5 centaurs
  3 bullfrogs
  A gnoll sergeant (D:7)
  A wyvern skeleton (D:7)
  A scorpion (D:6)
  4 crimson imps
  A centaur zombie (D:5)
  2 bullfrog zombies
  6 orc priests
  A jelly (D:7)
  4 orc wizards
  A bullfrog skeleton (D:6)
  3 hounds
  Jessica (D:2)
  An iguana (D:7)
  Ijyb (D:4)
  2 worker ants
  Robin (D:4)
  6 gnolls
  13 adders
  A shadow imp (D:8)
  2 oozes
  An adder zombie (D:7)
  An adder skeleton (D:6)
  5 worms
  3 dart slugs
  8 leopard geckos
  20 orcs
  8 bats
  5 giant cockroaches
  15 goblins
  8 hobgoblins
  12 jackals
  9 kobolds
  4 quokkas
  A ball python (D:1)
  5 frilled lizards
  A jackal zombie (D:5)
  5 rats
  3 fungi (D:5)
201 creatures vanquished.

Vanquished Creatures (others)
  A bullfrog skeleton (D:4)
1 creature vanquished.

Grand Total: 202 creatures vanquished

Notes
Turn   | Place    | Note
-------+----------+-------------------------------------------
     0 | D:1      | Chiseanne the Mummy Archaeologist began the quest for the
                  | Orb.
     0 | D:1      | Reached XP level 1. HP: 15/15 MP: 1/1
   215 | D:1      | Noticed an ogre
   215 | D:1      | Noticed an ogre
   216 | D:1      | Noticed an ogre
   485 | D:2      | Reached XP level 2. HP: 21/22 MP: 2/2
   570 | D:2      | Found a shadowy altar of Dithmenos.
   654 | D:2      | Found a sacrificial altar of Ru.
   722 | D:2      | Reached XP level 3. HP: 27/27 MP: 3/3
   795 | D:2      | Reached skill level 1 in Axes
  1311 | D:1      | Noticed a troll
  1313 | D:1      | Noticed an ogre
  1541 | D:2      | Noticed a phantom
  1556 | D:1      | Reached XP level 4. HP: 20/33 MP: 4/4
  1836 | D:2      | Killed a phantom
  1836 | D:2      | Reached XP level 5. HP: 12/38 MP: 5/5
  2208 | D:2      | Noticed Jessica
  2211 | D:2      | Killed Jessica
  2211 | D:2      | Reached skill level 5 in Axes
  2932 | D:3      | Reached XP level 6. HP: 45/45 MP: 2/6
  3004 | D:3      | Found a faded altar of an unknown god.
  3442 | D:4      | Reached skill level 1 in Armour
  3444 | D:4      | Reached XP level 7. HP: 21/52 MP: 2/7
  3445 | D:4      | Reached skill level 1 in Throwing
  3716 | D:4      | Found a basalt altar of Yredelemnul.
  3761 | D:4      | Reached skill level 1 in Transmutations
  3768 | D:4      | Reached skill level 2 in Transmutations
  3781 | D:4      | Noticed Sigmund
  3791 | D:4      | Killed Sigmund
  3791 | D:4      | Reached skill level 4 in Transmutations
  3919 | D:4      | Noticed Ijyb
  3922 | D:4      | Noticed Robin
  3926 | D:4      | Killed Ijyb
  3937 | D:4      | Killed Robin
  4075 | D:4      | Found a runed translucent door.
  4076 | D:4      | Noticed MisterOstroum's ghost (amateur TrAc)
  4121 | D:4      | Found a shattered altar of Ashenzari.
  4193 | D:4      | Reached skill level 5 in Transmutations
  4258 | D:4      | Noticed Eustachio
  4286 | D:4      | Killed Eustachio
  4286 | D:4      | Reached skill level 6 in Transmutations
  4286 | D:4      | Reached XP level 8. HP: 55/58 MP: 2/8
  4445 | D:5      | Entered Level 5 of the Dungeon
  4470 | D:5      | Reached skill level 7 in Transmutations
  4525 | D:5      | Noticed a two-headed ogre
  4536 | D:5      | Killed a two-headed ogre
  4536 | D:5      | Reached skill level 10 in Transmutations
  4674 | D:5      | Reached XP level 9. HP: 10/64 MP: 0/9
  4934 | D:5      | Noticed Edmund
  4943 | D:5      | Killed Edmund
  5046 | D:5      | Found a staircase to the Ecumenical Temple.
  5068 | D:5      | Noticed Menkaure
  5074 | D:5      | Noticed Pikel
  5075 | D:5      | Killed Menkaure
  5075 | D:5      | Reached skill level 11 in Transmutations
  5088 | D:5      | Killed Pikel
  5349 | Temple   | Entered the Ecumenical Temple
  5353 | Temple   | Learned a level 2 spell: Passwall
  5357 | Temple   | Became a worshipper of Gozag Ym Sagoz the Greedy
  5697 | D:5      | Found a bloodstained altar of Trog.
  5808 | D:5      | Found a runed door.
  5812 | D:5      | Noticed Crazy Yiuf
  5813 | D:5      | Noticed Crazy Yiuf
  5813 | D:5      | Crazy Yiuf changed into Crazy Yiuf the bullfrog
  5819 | D:5      | Killed Crazy Yiuf the bullfrog
  6233 | D:6      | Found a radiant altar of Vehumet.
  6414 | D:6      | Got a crude scale mail
  6417 | D:6      | Identified the cursed +1 scale mail of Agoraphobia {+Inv
                  | MP+9} (You found it on level 6 of the Dungeon)
  6756 | D:6      | Found a hide-covered altar of Uskayaw.
  6758 | D:6      | Found a burning altar of Makhleb.
  6758 | D:6      | Found a blossoming altar of Fedhas.
  6765 | D:6      | Found a blossoming altar of Fedhas.
  6765 | D:6      | Found a shimmering altar of Xom.
  6765 | D:6      | Found an iron altar of Okawaru.
  7300 | D:7      | Reached XP level 10. HP: 64/73 MP: 3/10
  7616 | D:7      | Reached skill level 5 in Fighting
  7869 | D:7      | Reached skill level 5 in Dodging
  8526 | D:8      | Found a staircase to the Lair.
  8541 | D:8      | HP: 2/74 [hippogriff (8)]
  8541 | D:8      | Slain by a hippogriff

Skill      XL: |  1  2  3  4  5  6  7  8  9 10 |
---------------+-------------------------------+-----
Fighting       | 2 3 4 5 |  5.4
Dodging        | 3 4 5 |  5.1
Axes           | 2 4 5 6 7 |  7.1
Armour         | 1 3 |  3.8
Throwing       | 1 |  1.1
Transmutations | 6 10 11 | 11.9
Maces & Flails | |  0.7
Stealth        | |  2.6

Action                   |  1- 3 |  4- 6 |  7- 9 | 10-12 || total
-------------------------+-------+-------+-------+-------++-------
Melee: Whip              |    81 |       |       |       ||    81
       War axe           |   107 |   146 |       |       ||   253
       Battleaxe         |       |    31 |   212 |    73 ||   316
Throw: Stone             |       |    20 |       |       ||    20
Evoke: Wand              |       |       |     1 |       ||     1
  Use: Scroll            |       |     6 |     7 |     2 ||    15
 Stab: Sleeping          |     2 |     1 |     3 |       ||     6
       Distracted        |       |       |     1 |     1 ||     2
Armor: Robe              |    43 |       |       |       ||    43
       Ring mail         |    70 |   105 |    37 |       ||   212
       Leather armour    |       |       |    64 |    38 ||   102
Dodge: Dodged            |   151 |   126 |   167 |    71 ||   515
